 Dungeon Crawl Stone Soup version 0.25-a0-398-g1920f1ac21 (console) character file.

Game seed: 7674631290289846798, levelgen mode: deterministic

4 Kagalorn the Vexing (level 1, 0/18 HPs)
             Began as a Naga Arcane Marksman on Jan 8, 2020.
             Slain by a frilled lizard (3 damage)
             ... on level 1 of the Dungeon.
             The game lasted 00:00:45 (280 turns).

Kagalorn the Vexing (Naga Arcane Marksman)           Turns: 280, Time: 00:00:46

Health: 0/18       AC:  1    Str: 12    XL:     1   Next: 60%
Magic:  2/2        EV: 10    Int: 13    God:
Gold:   11         SH:  0    Dex: 11    Spells: 1/2 levels left

rFire    . . .     SeeInvis +   (no weapon)
rCold    . . .     Gourm    .   (no shield)
rNeg     . . .     Faith    .   e - +0 robe
rPois    +         Spirit   .   (no helmet)
rElec    .         Reflect  .   (no cloak)
rCorr    .         Harm     .   (no gloves)
MR       .....                  (no barding)
Stlth    ++........             (no amulet)
HPRegen  0.06/turn              (no ring)
MPRegen  0.08/turn              (no ring)

@: short of breath, very slow
A: large, see invisible, deformed body, poison resistance, slowness 2, slow
metabolism 1, spit poison 1, AC +0
a: Spit Poison


You were on level 1 of the Dungeon.
You were not hungry.

You visited 1 branch of the dungeon, and saw 1 of its levels.

You collected 11 gold pieces.

Inventory:

Hand Weapons
 a - a +0 shortbow
Missiles
 d - 20 arrows
Armour
 e - a +0 robe (worn)
Comestibles
 f - 2 rations


   Skills:
 - Level 1.0 Fighting
 - Level 1.7 Bows
 - Level 1.5 Dodging
 * Level 1.9 Stealth
 - Level 1.0 Spellcasting
 - Level 3.0 Hexes


You had one spell level left.
You knew the following spells:

 Your Spells              Type           Power        Failure   Level  Hunger
a - Corona                Hex            #......      9%          1    ##.....

Your spell library contained the following spells:

 Spells                   Type           Power        Failure   Level  Hunger
 Slow                     Hex            #.......     12%         2    ###....
 Inner Flame              Hex/Fire       #.......     41%         3    ####...
 Portal Projectile        Hex/Tloc       #.....       41%         3    ####...
 Cause Fear               Hex            #.........   63%         4    #####..
 Leda's Liquefaction      Hex/Erth       #.........   83%         4    #####..


Dungeon Overview and Level Annotations

Branches:
Dungeon (1/15)

Altars:


Innate Abilities, Weirdness & Mutations

You cannot wear boots.
Your serpentine skin is tough. (AC +0)
You have supernaturally acute eyesight. (SInv)
Armour fits poorly on your strangely shaped body.
Your system is resistant to poisons. (rPois)
You cover ground very slowly.
You have a slow metabolism.
You can spit poison.


Message History

The kobold is moderately wounded.
The kobold hits you with a +0 whip.
You closely miss the kobold.
The kobold is moderately wounded.
The kobold barely misses you.
You hit the kobold.
You kill the kobold!
You have got your breath back.
A frilled lizard comes into view.
Press: ? - help, Shift-Dir - straight line, f - frilled lizard
Aim: a frilled lizard (hasn't noticed you)
The splash of poison misses the frilled lizard.
You feel slightly more hungry.
The frilled lizard hisses angrily.
The frilled lizard bites you.
* * * LOW HITPOINT WARNING * * *
You completely miss the frilled lizard. The frilled lizard bites you.
* * * LOW HITPOINT WARNING * * *
You barely miss the frilled lizard. The frilled lizard bites you.
You die...

#...... #.# #..... #.#
##### .... #.#
.....##.. ###.#
#.....#######...###
####
#...............###.##
#....)##........#...##
#..##)###...........#≈
#.###@# #...........#≈
#.. #l..........###.§.
#.# ............# #.'.
K. .###.##..###...###≈
... ## #.###.. ###.#
#≈ .... (.# .... ..###
.. ...... .. # #. #.##
.#


You could see a frilled lizard.

Vanquished Creatures
  A hobgoblin (D:1)
  A goblin (D:1)
  3 kobolds (D:1)
5 creatures vanquished.

Notes
Turn   | Place    | Note
-------+----------+-------------------------------------------
     0 | D:1      | Kagalorn the Naga Arcane Marksman began the quest for the
                  | Orb.
     0 | D:1      | Reached XP level 1. HP: 18/18 MP: 2/2
   271 | D:1      | Reached skill level 1 in Stealth
   280 | D:1      | Slain by a frilled lizard

Levels and vault maps discovered:
D:1:      lightli_molten_gateway, layout_rooms

Skill      XL: |  1 |
---------------+----+-----
Stealth        | 1 |  1.9
Fighting       | |  1.0
Bows           | |  1.7
Dodging        | |  1.5
Spellcasting   | |  1.0
Hexes          | |  3.0

Action                   || total
-------------------------++-------
Melee: Unarmed           ||    17
 Abil: Spit Poison       ||     8
Armor: Robe              ||     1
Dodge: Dodged            ||     9

Table legend:
 A = Non-vault XP
 B = Vault XP
 C = Vault XP percentage of total XP
 D = Non-vault monster count
 E = Vault monster count
 F = Vault count percentage of total count
                 A         B        C        D         E       F
            +---------+---------+-------+---------+---------+-------
      Total |       6 |       0 |   0.0 |       5 |       0 |   0.0
            +---------+---------+-------+---------+---------+-------
        D:1 |       6 |       0 |   0.0 |       5 |       0 |   0.0
            +---------+---------+-------+---------+---------+-------
